 Dungeon Crawl Stone Soup version 0.21-a0-442-g848f44b (webtiles) character file.

43 slep the Skirmisher (level 3, -2/29 HPs)
             Began as a Demonspawn Monk on Nov 13, 2017.
             Slain by an adder (4 damage)
             ... on level 2 of the Dungeon.
             The game lasted 00:05:15 (1064 turns).

slep the Skirmisher (Demonspawn Monk)               Turns: 1064, Time: 00:05:16

Health: -2/29      AC:  2    Str: 11    XL:     3   Next: 37%
Magic:  3/3        EV: 13    Int: 11    God:
Gold:   49         SH:  0    Dex: 16    Spells: 2/2 levels left

rFire    . . .     SeeInvis .   a - +0 falchion
rCold    . . .     Gourm    .   (no shield)
rNeg     . . .     Faith    .   b - +0 robe
rPois    +         Spirit   .   (no helmet)
rElec    .         Reflect  .   (no cloak)
rCorr    .         Harm     .   (no gloves)
MR       .....                  (no boots)
Stlth    ++........             (no amulet)
HPRegen  0.09/turn              g - ring of poison resistance
MPRegen  0.08/turn              (no ring)

@: no status effects
A: hooves 1
a: no special abilities


You were on level 2 of the Dungeon.
You were not hungry.

You visited 1 branch of the dungeon, and saw 2 of its levels.

You collected 49 gold pieces.

Inventory:

Hand Weapons
 a - a +0 falchion (weapon)
 j - a +2 hunting sling of flaming
Armour
 b - a +0 robe (worn)
Jewellery
 g - a ring of poison resistance (left hand)
Scrolls
 f - 2 scrolls of immolation {unknown}
 h - a scroll of recharging {unknown}
 i - 2 scrolls of identify {unknown}
 k - a scroll of fear {unknown}
 l - a scroll of amnesia {unknown}
Potions
 d - a potion of magic {unknown}
 e - a potion of invisibility {unknown}
 n - a potion of curing {unknown}
 o - a potion of might {unknown}
Comestibles
 c - a bread ration
 m - a chunk of flesh


   Skills:
 + Level 3.4 Fighting
 + Level 3.3 Long Blades
 + Level 3.0 Dodging
 + Level 2.0 Stealth


You had 2 spell levels left.
You didn't know any spells.

Dungeon Overview and Level Annotations

Branches:
Dungeon (2/15)

Altars:
Ashenzari


Innate Abilities, Weirdness & Mutations

You have large cloven feet.


Message History

You miss the adder. You kick the adder.
The adder is lightly wounded.
The adder bites you.
* * * LOW HITPOINT WARNING * * *
You hit the adder.
The adder is heavily wounded.
The adder barely misses you. The adder bites you.
* * * LOW HITPOINT WARNING * * *
You closely miss the adder.
The adder is heavily wounded.
The adder closely misses you.
You barely miss the adder.
The adder is heavily wounded.
The adder completely misses you. The adder barely misses you.
You riposte.
You closely miss the adder.
The adder is heavily wounded.
You barely miss the adder. You kick the adder.
The adder is almost dead.
The adder bites you.
You die...

#.#.. ... #.#.# ....
######.#.##...
......#..... .. #.
#........#### #....
#.# #............
#....###.##
#...S........
#.........#
#.).@........ #
#.......#
#............ #
#.......#
#.......##### #
#.......# #.<.....# #
#.......# #.......# #
######'## #.......# #
#......# ##'######
###......#####'#######
.)...................#


You could see an adder.

Vanquished Creatures
  A dart slug (D:1)
  3 bats (D:1)
  A giant cockroach (D:2)
  5 goblins
  7 hobgoblins
  3 jackals (D:1)
  3 quokkas (D:2)
  3 frilled lizards
  4 kobolds
  7 rats
37 creatures vanquished.

Notes
Turn   | Place    | Note
-------+----------+-------------------------------------------
     0 | D:1      | slep the Demonspawn Monk began the quest for the Orb.
     0 | D:1      | Reached XP level 1. HP: 18/18 MP: 1/1
    60 | D:1      | Gained mutation: You have large cloven feet. [demonic ancestry]
    60 | D:1      | Reached XP level 2. HP: 13/24 MP: 2/2
   375 | D:1      | Found a shattered altar of Ashenzari.
   790 | D:2      | Reached XP level 3. HP: 27/29 MP: 3/3
  1061 | D:2      | HP: 1/29 [adder (5)]
  1064 | D:2      | Slain by an adder

Vault maps used:
D:1:      dpeg_arrival_rooms_a, evilmike_ruin_ashenzari

Skill      XL: |  1  2  3 |
---------------+----------+-----
Long Blades    | 3 |  3.3
Stealth        | 2 |  2.0
Dodging        | 3 |  3.0
Fighting       | |  3.4

Action                   || total
-------------------------++-------
Melee: Falchion          ||   110
       Kick              ||    15
 Stab: Distracted        ||     1
       Sleeping          ||     2
  Eat: Chunk             ||     1
Armor: Robe              ||    19
Dodge: Dodged            ||    98
       Rpst.: Falchion   ||    22

Table legend:
 A = Spawn XP
 B = Non-spawn XP
 C = Spawn XP percentage of total XP
 D = Spawn monster count
 E = Non-spawn monster count
 F = Spawn count percentage of total count
 G = Total turns spent on level
                    A         B        C        D         E        F      G
               +---------+---------+-------+---------+---------+-------+---------
         Total |       0 |      62 |   0.0 |       0 |      37 |   0.0 |  1064
               +---------+---------+-------+---------+---------+-------+---------
           D:1 |       0 |      36 |   0.0 |       0 |      22 |   0.0 |   779
           D:2 |       0 |      26 |   0.0 |       0 |      15 |   0.0 |   285
               +---------+---------+-------+---------+---------+-------+---------
